TOP OF THE 1ST |
Kansas City Kings batting - Pitching for Beech Mountain Mountaineers : RHP Tim Hill
|
Pitching: RHP Tim Hill
|
|
Batting: SHB John Miller
|
0-0: Ball 1-0: Ball 2-0: Ground out 6-3 (Groundball, 6)
|
Batting: RHB Eric Fuller
|
0-0: Ball 1-0: Ball 2-0: Ball 3-0: Base on Balls
|
Batting: RHB Toshimichi Kono
|
Pickoff Throw to First - Out! 0-0: Ball 1-0: Ball 2-0: Called Strike 2-1: Ball 3-1: Base on Balls
|
Batting: LHB Stan Hickman
|
0-0: Ball 1-0: Called Strike 1-1: Ball 2-1: Ball 3-1: SINGLE (Groundball, 6MD) Toshimichi Kono to second Runner from 2nd tries for 3rd, SAFE, throw made to third
|
Batting: RHB Dave Parker
|
0-0: Ball 1-0: SINGLE (Groundball, 34D) Toshimichi Kono scores Stan Hickman to second Runner from 2nd tries for 3rd, SAFE, no throw
|
Batting: LHB Luis González
|
0-0: Ball 1-0: Ball 2-0: Foul Ball, location: 2F 2-1: Fielders Choice at 2nd, 4-6 (Groundball, 4)
|
Top of the 1st over - 1 run(s), 2 hit(s), 0 error(s), 1 left on base; Kansas City 1 - Beech Mountain 0 |
BOTTOM OF THE 1ST |
Beech Mountain Mountaineers batting - Pitching for Kansas City Kings : RHP Carlos Pacheco
|
Pitching: RHP Carlos Pacheco
|
|
Batting: LHB Tommy Payne
|
0-0: Called Strike 0-1: Foul Ball, location: 2F 0-2: Ball 1-2: Foul Ball, location: 2F 1-2: Ball 2-2: Ground out 4-3 (Groundball, 4)
|
Batting: SHB Miguel González
|
0-0: Ball 1-0: Ball 2-0: Foul Ball, location: 2F 2-1: Ball 3-1: Base on Balls
|
Batting: LHB Chris Bates
|
0-0: Ball 1-0: SINGLE (Groundball, 4D) Miguel González to second Runner from 2nd tries for 3rd, SAFE, throw made to third
|
Batting: SHB Juan Castro
|
0-0: Called Strike 0-1: Called Strike Chris Bates steals 2nd base 0-2: Foul Ball, location: 2F 0-2: Ball 1-2: Foul Ball, location: 2F 1-2: 3-RUN HOME RUN (Flyball, 89XD), Distance : 380 ft
|
Batting: LHB Pedro Gonzáles
|
0-0: Ball 1-0: Swinging Strike 1-1: Foul Ball, location: 2F 1-2: Ground out 4-3 (Groundball, 34)
|
Batting: SHB Rick Turner
|
0-0: Called Strike 0-1: Ball 1-1: Swinging Strike 1-2: Foul Ball, location: 2F 1-2: Foul Ball, location: 2F 1-2: Ball 2-2: Strikes out swinging
|
Bottom of the 1st over - 3 run(s), 2 hit(s), 0 error(s), 0 left on base; Kansas City 1 - Beech Mountain 3 |
TOP OF THE 2ND |
Kansas City Kings batting - Pitching for Beech Mountain Mountaineers : RHP Tim Hill
|
Batting: RHB Oliver Lugo
|
0-0: Ball 1-0: Ball 2-0: Called Strike 2-1: Foul Ball, location: 2F 2-2: Ball 3-2: Strikes out swinging
|
Batting: SHB António De La Cruz
|
0-0: Called Strike 0-1: Foul Ball, location: 2F 0-2: Ball 1-2: Ball 2-2: Foul Ball, location: 2F 2-2: Ball 3-2: Foul Ball, location: 2F 3-2: Ground out 4-3 (Groundball, 4M)
|
Batting: SHB José Cruz
|
0-0: Foul Ball, location: 2F 0-1: Swinging Strike 0-2: Ball 1-2: Ball 2-2: Strikes out swinging
|
Top of the 2nd over - 0 run(s), 0 hit(s), 0 error(s), 0 left on base; Kansas City 1 - Beech Mountain 3 |
BOTTOM OF THE 2ND |
Beech Mountain Mountaineers batting - Pitching for Kansas City Kings : RHP Carlos Pacheco
|
Batting: RHB John Anderson
|
0-0: Ground out 5-3 (Groundball, 56)
|
Batting: RHB Jesús Cruz
|
0-0: Ball 1-0: Ball 2-0: SINGLE (Groundball, 56D)
|
Batting: RHB Rafael González
|
0-0: Ball Jesús Cruz steals 2nd base 1-0: DOUBLE (Flyball, 7D) Jesús Cruz scores
|
Pinch Runner at 2nd Boyd Pittman:
|
|
Batting: LHB Tommy Payne
|
0-0: Ball 1-0: Fly out, F8 (Flyball, 8RS)
|
Batting: SHB Miguel González
|
0-0: Swinging Strike 0-1: Ball 1-1: SINGLE (Line Drive, 7LS) Boyd Pittman to third Runner from 3rd tries for Home, SAFE, no throw
|
Batting: LHB Chris Bates
|
0-0: Foul Ball, location: 2F 0-1: SINGLE (Flyball, 78M) Miguel González to second
|
Batting: SHB Juan Castro
|
0-0: Ball 1-0: Ball 2-0: Called Strike 2-1: Ball 3-1: Foul Ball, location: 2F 3-2: Ground out 6-3 (Groundball, 6S)
|
Bottom of the 2nd over - 2 run(s), 4 hit(s), 0 error(s), 2 left on base; Kansas City 1 - Beech Mountain 5 |
TOP OF THE 3RD |
Kansas City Kings batting - Pitching for Beech Mountain Mountaineers : RHP Tim Hill
|
Now at SS: Boyd Pittman
|
|
Batting: SHB John Miller
|
0-0: Foul Ball, location: 2F 0-1: Fly out, F6 (Line Drive, 6)
|
Batting: RHB Eric Fuller
|
0-0: Ball 1-0: Called Strike 1-1: Ball 2-1: Ground out 5-3 (Groundball, 5)
|
Batting: RHB Toshimichi Kono
|
0-0: Called Strike 0-1: DOUBLE (Line Drive, 78XD)
|
Batting: LHB Stan Hickman
|
0-0: Fly out, F7 (Flyball, 7S)
|
Top of the 3rd over - 0 run(s), 1 hit(s), 0 error(s), 1 left on base; Kansas City 1 - Beech Mountain 5 |
BOTTOM OF THE 3RD |
Beech Mountain Mountaineers batting - Pitching for Kansas City Kings : RHP Carlos Pacheco
|
Batting: LHB Pedro Gonzáles
|
0-0: Called Strike 0-1: Ball 1-1: Ground out U3 (Groundball, 34)
|
Batting: SHB Rick Turner
|
0-0: Ball 1-0: Ball 2-0: SINGLE (Groundball, 56D)
|
Batting: RHB John Anderson
|
0-0: Ball 1-0: Foul Ball, location: 2F 1-1: SINGLE (Groundball, 6MD) Rick Turner to second
|
Batting: RHB Jesús Cruz
|
0-0: Called Strike 0-1: Ball 1-1: Swinging Strike 1-2: Ball 2-2: Strikes out looking
|
Batting: RHB Boyd Pittman
|
0-0: Ball 1-0: Ball 2-0: Ball 3-0: Called Strike 3-1: SINGLE (Line Drive, 89S) Rick Turner to third John Anderson to second Runner from 3rd tries for Home, SAFE, throw made home John Anderson to third Boyd Pittman to second
|
Batting: LHB Tommy Payne
|
0-0: Swinging Strike 0-1: Ball 1-1: Swinging Strike 1-2: Foul Ball, location: 2F 1-2: Ball 2-2: Ball 3-2: Strikes out swinging
|
Bottom of the 3rd over - 1 run(s), 3 hit(s), 0 error(s), 2 left on base; Kansas City 1 - Beech Mountain 6 |
TOP OF THE 4TH |
Kansas City Kings batting - Pitching for Beech Mountain Mountaineers : RHP Tim Hill
|
Batting: RHB Dave Parker
|
0-0: Foul Ball, location: 2F 0-1: Ball 1-1: Foul Ball, location: 2F 1-2: Ball 2-2: Ball 3-2: Strikes out swinging
|
Batting: LHB Luis González
|
0-0: Ball 1-0: Foul Ball, location: 2F 1-1: Swinging Strike 1-2: Ground out U3 (Groundball, 34)
|
Batting: RHB Oliver Lugo
|
0-0: Called Strike 0-1: Ball 1-1: Called Strike 1-2: Ball 2-2: Strikes out swinging
|
Top of the 4th over - 0 run(s), 0 hit(s), 0 error(s), 0 left on base; Kansas City 1 - Beech Mountain 6 |
BOTTOM OF THE 4TH |
Beech Mountain Mountaineers batting - Pitching for Kansas City Kings : RHP Carlos Pacheco
|
Batting: SHB Miguel González
|
0-0: Swinging Strike 0-1: Ball 1-1: Foul Ball, location: 2F 1-2: DOUBLE (Line Drive, 7LM)
|
Batting: LHB Chris Bates
|
0-0: Ball 1-0: Ball 2-0: Foul Ball, location: 2F 2-1: Called Strike 2-2: Ground out 6-3 (Groundball, 6)
|
Batting: SHB Juan Castro
|
0-0: Ball 1-0: Ground out 4-3 (Groundball, 4) Miguel González to third
|
Batting: LHB Pedro Gonzáles
|
0-0: Ball 1-0: Foul Ball, location: 2F 1-1: Ball 2-1: Foul Ball, location: 2F 2-2: Ball 3-2: Strikes out looking
|
Bottom of the 4th over - 0 run(s), 1 hit(s), 0 error(s), 1 left on base; Kansas City 1 - Beech Mountain 6 |
TOP OF THE 5TH |
Kansas City Kings batting - Pitching for Beech Mountain Mountaineers : RHP Tim Hill
|
Batting: SHB António De La Cruz
|
0-0: Foul Ball, location: 2F 0-1: Ball 1-1: Ball 2-1: Swinging Strike 2-2: DOUBLE (Line Drive, 89S)
|
Pinch Runner at 2nd Ronald Parsons:
|
|
Batting: SHB José Cruz
|
0-0: Ball 1-0: Called Strike 1-1: Ball 2-1: Foul Ball, location: 2F 2-2: DOUBLE (Flyball, 89D) Ronald Parsons scores
|
Pitching: RHP Tony Murillo
|
|
Batting: SHB John Miller
|
0-0: Foul Ball, location: 2F 0-1: Called Strike 0-2: Foul Ball, location: 2F 0-2: Ball 1-2: Strikes out swinging
|
Batting: RHB Eric Fuller
|
0-0: Ball 1-0: Foul Ball, location: 2F 1-1: Ball 2-1: Ball 3-1: Base on Balls
|
Batting: RHB Toshimichi Kono
|
0-0: Called Strike 0-1: Reached on error, E4 (Groundball, 4S) José Cruz scores Eric Fuller to third
|
Batting: LHB Stan Hickman
|
0-0: Foul Ball, location: 2F 0-1: 3-RUN HOME RUN (Line Drive, 89XD), Distance : 403 ft
|
Batting: RHB Dave Parker
|
0-0: Foul Ball, location: 2F 0-1: Foul Ball, location: 2F 0-2: Ball 1-2: SINGLE (Groundball, 56D)
|
Batting: LHB Luis González
|
0-0: Ball 1-0: Ball 2-0: SINGLE (Line Drive, 78S) Dave Parker to second
|
Batting: RHB Oliver Lugo
|
0-0: Called Strike 0-1: Fly out, F8 (Flyball, 8LD) Runner from 2nd tags up, SAFE at 3rd, no throw
|
Batting: RHB Ronald Parsons
|
0-0: Fly out, F9 (Flyball, 89S)
|
Top of the 5th over - 5 run(s), 5 hit(s), 1 error(s), 2 left on base; Kansas City 6 - Beech Mountain 6 |
BOTTOM OF THE 5TH |
Beech Mountain Mountaineers batting - Pitching for Kansas City Kings : RHP Carlos Pacheco
|
Pitching: RHP Nariaki Tanaka
|
|
Now at C: Ronald Parsons
|
|
Batting: SHB Rick Turner
|
0-0: Called Strike 0-1: Ball 1-1: Fly out, F8 (Flyball, 8LS)
|
Batting: RHB John Anderson
|
0-0: Ground out 6-3 (Groundball, 6)
|
Batting: RHB Jesús Cruz
|
0-0: Ball 1-0: Ball 2-0: Ground out 5-3 (Groundball, 56)
|
Bottom of the 5th over - 0 run(s), 0 hit(s), 0 error(s), 0 left on base; Kansas City 6 - Beech Mountain 6 |
TOP OF THE 6TH |
Kansas City Kings batting - Pitching for Beech Mountain Mountaineers : RHP Tony Murillo
|
Pitching: RHP Rafael López
|
|
Batting: SHB José Cruz
|
0-0: Swinging Strike 0-1: Ball 1-1: Ball 2-1: Foul Ball, location: 2F 2-2: Strikes out swinging
|
Batting: SHB John Miller
|
0-0: Foul Ball, location: 2F 0-1: Swinging Strike 0-2: Ball 1-2: Ball 2-2: Strikes out swinging
|
Batting: RHB Eric Fuller
|
0-0: Ball 1-0: SINGLE (Line Drive, 89S)
|
Batting: RHB Toshimichi Kono
|
0-0: Ball Balk! Eric Fuller to second 1-0: Called Strike 1-1: Ball 2-1: Ground out 6-3 (Groundball, 6M)
|
Top of the 6th over - 0 run(s), 1 hit(s), 0 error(s), 1 left on base; Kansas City 6 - Beech Mountain 6 |
BOTTOM OF THE 6TH |
Beech Mountain Mountaineers batting - Pitching for Kansas City Kings : RHP Nariaki Tanaka
|
Batting: RHB Boyd Pittman
|
0-0: Foul Ball, location: 2F 0-1: Foul Ball, location: 2F 0-2: Strikes out swinging
|
Batting: LHB Tommy Payne
|
0-0: Ball 1-0: SINGLE (Line Drive, 9LS)
|
Batting: SHB Miguel González
|
0-0: Ball 1-0: Ball 2-0: Ball 3-0: Called Strike 3-1: Foul Ball, location: 2F 3-2: Foul Ball, location: 2F 3-2: Foul Ball, location: 2F 3-2: Base on Balls Tommy Payne to second
|
Batting: LHB Chris Bates
|
0-0: Called Strike 0-1: Ball 1-1: Swinging Strike 1-2: Ball 2-2: Foul Ball, location: 2F 2-2: Foul Ball, location: 2F 2-2: Ball 3-2: Base on Balls Tommy Payne to third Miguel González to second
|
Batting: SHB Juan Castro
|
0-0: Ball 1-0: Ball 2-0: Ball 3-0: Called Strike 3-1: Foul Ball, location: 2F 3-2: SINGLE (Groundball, 3D) Tommy Payne scores Miguel González to third Chris Bates to second Runner from 3rd tries for Home, SAFE, throw made home
|
Batting: LHB Pedro Gonzáles
|
0-0: Called Strike 0-1: Fielders Choice at 2nd, 3-6 (Groundball, 34) Chris Bates to third
|
Batting: SHB Rick Turner
|
0-0: Ground out U3 (Groundball, 3L)
|
Bottom of the 6th over - 2 run(s), 2 hit(s), 0 error(s), 2 left on base; Kansas City 6 - Beech Mountain 8 |
TOP OF THE 7TH |
Kansas City Kings batting - Pitching for Beech Mountain Mountaineers : RHP Rafael López
|
Batting: LHB Stan Hickman
|
0-0: Called Strike 0-1: Ball 1-1: Foul Ball, location: 2F 1-2: SOLO HOME RUN (Line Drive, 9D), Distance : 370 ft
|
Batting: RHB Dave Parker
|
0-0: Ball 1-0: Called Strike 1-1: Ground out 4-3 (Groundball, 4)
|
Batting: LHB Luis González
|
0-0: Called Strike 0-1: SINGLE (Line Drive, 8LS)
|
Pinch Hitting: SHB Douglas Taylor
|
0-0: Foul Ball, location: 2F 0-1: Fielders Choice at 2nd, 1-6 (Groundball, 13S)
|
Batting: RHB Ronald Parsons
|
0-0: Called Strike Douglas Taylor is caught stealing 2nd base
|
Top of the 7th over - 1 run(s), 2 hit(s), 0 error(s), 0 left on base; Kansas City 7 - Beech Mountain 8 |
BOTTOM OF THE 7TH |
Beech Mountain Mountaineers batting - Pitching for Kansas City Kings : RHP Nariaki Tanaka
|
Now in RF: Brian Boone
|
|
Batting: RHB John Anderson
|
0-0: Ball 1-0: SINGLE (Line Drive, 89S)
|
Batting: RHB Jesús Cruz
|
0-0: Sac Bunt - play at first, batter OUT! 1-4 John Anderson to second
|
Batting: RHB Boyd Pittman
|
Balk! John Anderson to third 0-0: 2-RUN HOME RUN (Flyball, 78XD), Distance : 386 ft
|
Pitching: RHP Ray Watkins
|
|
Batting: LHB Tommy Payne
|
0-0: Ball 1-0: Called Strike 1-1: Ball 2-1: Foul Ball, location: 2F 2-2: SINGLE (Line Drive, 34)
|
Batting: SHB Miguel González
|
0-0: Ball Tommy Payne is caught stealing 2nd base 1-0: Ball 2-0: Ball 3-0: Foul Ball, location: 2F 3-1: Base on Balls
|
Batting: LHB Chris Bates
|
0-0: Foul Ball, location: 2F 0-1: Foul Ball, location: 2F 0-2: Ball 1-2: Ball 2-2: 2-RUN HOME RUN (Flyball, 89XD), Distance : 383 ft
|
Batting: SHB Juan Castro
|
0-0: Ball 1-0: Foul Ball, location: 2F 1-1: Foul Ball, location: 2F 1-2: Ball 2-2: Ball 3-2: Strikes out swinging
|
Bottom of the 7th over - 4 run(s), 4 hit(s), 0 error(s), 0 left on base; Kansas City 7 - Beech Mountain 12 |
TOP OF THE 8TH |
Kansas City Kings batting - Pitching for Beech Mountain Mountaineers : RHP Rafael López
|
Batting: RHB Ronald Parsons
|
0-0: Foul Ball, location: 2F 0-1: Ball 1-1: Ball 2-1: Swinging Strike 2-2: SINGLE (Groundball, 6MD)
|
Batting: SHB José Cruz
|
0-0: Foul Ball, location: 2F 0-1: 2-RUN HOME RUN (Flyball, 78XD), Distance : 387 ft
|
Pitching: RHP Bret McJannett
|
|
Batting: SHB John Miller
|
0-0: Called Strike 0-1: Foul Ball, location: 2F 0-2: Ball 1-2: Ground out U3 (Groundball, 34)
|
Batting: RHB Eric Fuller
|
0-0: Foul Ball, location: 2F 0-1: Ball 1-1: Ball 2-1: Foul Ball, location: 2F 2-2: Ball 3-2: Base on Balls
|
Batting: RHB Toshimichi Kono
|
0-0: Ball 1-0: Grounds into double play, 6-4-3 (Groundball, 6MD)
|
Top of the 8th over - 2 run(s), 2 hit(s), 0 error(s), 0 left on base; Kansas City 9 - Beech Mountain 12 |
BOTTOM OF THE 8TH |
Beech Mountain Mountaineers batting - Pitching for Kansas City Kings : RHP Ray Watkins
|
Pitching: RHP Adrián Serrano
|
|
Batting: LHB Pedro Gonzáles
|
0-0: Foul Ball, location: 2F 0-1: Called Strike 0-2: Fly out, F7 (Flyball, 7)
|
Batting: SHB Rick Turner
|
0-0: Swinging Strike 0-1: Foul Ball, location: 2F 0-2: Strikes out swinging
|
Batting: RHB John Anderson
|
0-0: Ball 1-0: Foul Ball, location: 2F 1-1: Foul Ball, location: 2F 1-2: Fly out, F9 (Flyball, 9S)
|
Bottom of the 8th over - 0 run(s), 0 hit(s), 0 error(s), 0 left on base; Kansas City 9 - Beech Mountain 12 |
TOP OF THE 9TH |
Kansas City Kings batting - Pitching for Beech Mountain Mountaineers : RHP Bret McJannett
|
Batting: LHB Stan Hickman
|
0-0: Swinging Strike 0-1: SINGLE (Groundball, 34D)
|
Batting: RHB Dave Parker
|
0-0: Ball 1-0: Called Strike 1-1: Grounds into double play, 5-4-3 (Groundball, 56)
|
Batting: LHB Luis González
|
0-0: Called Strike 0-1: Ball 1-1: Called Strike 1-2: Ball 2-2: Ball 3-2: Ground out 1-3 (Groundball, 13)
|
Top of the 9th over - 0 run(s), 1 hit(s), 0 error(s), 0 left on base; Kansas City 9 - Beech Mountain 12 |
|